Map: [ESL] Waterfall

Players

Elazer

  • Race: Zerg Zerg
  • Spawn Location: 1:00

Dark - Winner!

  • Race: Zerg Zerg
  • Spawn Location: 7:00

Event: DreamHack SC2 Masters 2022 Valencia

VOD

Have the link to the VOD?

Description

Time

  • Played on: July 3, 2022, 5:28 a.m.
  • Length: 8:16

All games in this series

Show
View Real Time Build Order
Export as new Build Order

Elazer Zerg 

Build Orders: Hatch First 

Get SALT Encoding   

  12  0:00  Drone  
  13  0:12  Overlord  
  13  0:16  Drone  
  14  0:30  Drone x2  
  16  0:48  Hatchery  
  15  0:51  Drone  
  15  0:54  Drone  
  17  0:58  Drone  
  18  1:09  Extractor  
  17  1:13  Spawning Pool  
  17  1:16  Drone  
  17  1:20  Drone  
  18  1:27  Drone  
  19  1:38  Drone  
  20  1:50  Drone  
  21  2:00  Queen x2  
  21  2:01  Zergling x4  
  27  2:11  Zergling x2, Overlord  
  28  2:22  Overlord  
  28  2:30  Drone  
  28  2:32  Drone x2  
  31  2:41  Queen x2  
  31  2:43  Drone  
  36  2:45  Drone  
  37  2:55  Drone x2  
  39  3:00  Evolution Chamber  
  38  3:06  Roach Warren  
  37  3:13  Zergling x2  
  37  3:14  Zergling x6  
  38  3:20  Zergling x6  
  38  3:26  Queen  
  38  3:34  Queen  
  38  3:40  Zergling x4  
  32  3:54  Drone x3  
  34  3:58  Drone  
  34  4:00  Drone  
  33  4:09  Drone  
  32  4:20  Queen  
  31  4:28  Zergling x4  
  24  4:43  Drone x3  
  26  4:46  Drone  
  26  4:51  Drone  
  27  4:53  Drone  
  27  4:55  Drone  
  29  5:00  Drone  
  29  5:05  Drone  
  31  5:11  Drone  
  31  5:13  Lair  
  32  5:17  Drone  
  32  5:20  Drone  
  34  5:31  Drone x6  
  40  5:39  Drone  
  40  5:41  Drone x2  
  41  5:43  Zerg Missile Weapons Level 1  
  41  5:45  Overlord  
  41  5:51  Queen  
  41  5:55  Extractor  
  41  5:56  Overlord  
  42  6:02  Overlord x2  
  42  6:05  Overlord  
  42  6:10  Overlord  
  42  6:12  Roach  
  42  6:13  Glial Reconstitution  
  42  6:17  Roach  
  46  6:19  Roach  
  46  6:22  Roach  
  46  6:25  Roach  
  52  6:29  Roach x2  
  56  6:35  Roach x2  
  60  6:43  Queen  
  62  6:48  Roach x2  
  66  6:55  Roach  
  66  6:59  Roach x2  
  72  7:02  Roach  
  72  7:06  Roach  
  72  7:07  Overlord  
  76  7:18  Roach x2  
  80  7:24  Roach  
  82  7:30  Roach x2  
  82  7:36  Queen x2  
  80  7:54  Roach x5  
Show
View Real Time Build Order
Export as new Build Order

Dark Zerg - Winner!

Build Orders: Pool First 

Get SALT Encoding   

  12  0:00  Drone  
  13  0:12  Overlord  
  13  0:16  Drone  
  14  0:31  Drone x2  
  16  0:40  Spawning Pool  
  15  0:44  Drone  
  15  0:46  Extractor  
  15  0:49  Drone  
  16  0:55  Drone  
  17  1:17  Hatchery  
  16  1:27  Zergling x6  
  19  1:38  Queen  
  21  1:46  Metabolic Boost  
  21  1:54  Overlord  
  21  2:06  Baneling Nest  
  21  2:07  Zergling x2  
  21  2:19  Queen  
  23  2:25  Zergling x2  
  23  2:26  Zergling x2  
  25  2:31  Zergling x2  
  25  2:36  Zergling x2  
  27  2:44  Zergling x4  
  27  2:50  Baneling x3  
  29  2:52  Baneling  
  29  2:54  Zergling x2  
  30  3:01  Zergling x2  
  30  3:03  Zergling x2  
  32  3:05  Baneling  
  32  3:07  Zergling x2  
  32  3:12  Zergling x2  
  34  3:19  Zergling x2  
  32  3:21  Zergling x2  
  31  3:28  Zergling x4  
  30  3:34  Zergling x2  
  30  3:38  Zergling x2  
  30  3:40  Zergling x2  
  29  3:50  Zergling x4  
  29  3:55  Drone  
  29  3:56  Drone  
  30  4:04  Drone, Baneling  
  30  4:09  Drone, Baneling  
  32  4:13  Drone  
  32  4:19  Drone x2  
  32  4:23  Drone  
  32  4:25  Drone  
  32  4:30  Drone  
  33  4:37  Drone  
  33  4:38  Drone  
  34  4:40  Drone  
  34  4:41  Drone  
  34  4:44  Drone  
  35  4:50  Drone  
  36  4:59  Overlord  
  35  5:02  Zergling x2  
  36  5:10  Evolution Chamber  
  36  5:11  Zergling x2  
  36  5:13  Hatchery  
  35  5:15  Drone  
  35  5:18  Zergling x2  
  35  5:19  Drone x3  
  35  5:20  Drone  
  41  5:25  Zergling x2  
  42  5:29  Zergling x2  
  42  5:30  Drone  
  44  5:41  Drone  
  44  5:42  Overlord  
  44  5:43  Zerg Ground Armor Level 1  
  44  5:47  Roach Warren, Overlord  
  43  5:56  Overlord  
  43  5:58  Drone  
  43  6:00  Queen  
  46  6:06  Drone x2  
  46  6:10  Zergling x10, Extractor x2  
  51  6:13  Zergling x4  
  51  6:17  Drone  
  53  6:19  Drone  
  53  6:21  Overlord  
  54  6:27  Roach x2  
  54  6:29  Roach  
  60  6:36  Roach x3  
  68  6:40  Roach  
  68  6:43  Roach  
  68  6:45  Roach  
  72  6:52  Overlord  
  72  6:55  Zergling x6  
  72  6:56  Zergling x2  
  72  7:01  Zergling x6  
  79  7:11  Zergling x8  
  79  7:14  Ravager x3  
  86  7:16  Overlord  
  86  7:19  Ravager  
  86  7:22  Zergling x2  
  88  7:25  Overlord  
  88  7:26  Spine Crawler  
  87  7:35  Ravager  
  87  7:36  Zergling x4  
  84  7:49  Zergling x2  
  84  7:50  Zergling x22  
  91  7:56  Zergling x6  

Tags
 
Add a new tag
Caveats
  • Supply blocks, unpowered buildings, or Contaminate may cause inaccurate times.
  • Supply counts are checked every 10 seconds.